 Dungeon Crawl Stone Soup version 0.30-a0-949-g53dc5368d7 (webtiles) character file.

Game seed: 10600652237350192728

1895 Demosthentine the Trooper (level 8, -1/64 HPs)
             Began as a Demonspawn Gladiator on Mar 28, 2023.
             Slain by a steam dragon (5 damage)
             ... on level 6 of the Dungeon.
             The game lasted 00:06:26 (5061 turns).

Demosthentine the Trooper (Demonspawn Gladiator)    Turns: 5061, Time: 00:06:27

Health: -1/64      AC:  3    Str: 17    XL:     8   Next: 93%
Magic:  8/8        EV: 14    Int: 10    God:
Gold:   1063       SH:  0    Dex: 14    Spells: 7/7 levels left

rFire   . . .      SeeInvis .    a - +0 trident
rCold   + . .      Faith    .    (no shield)
rNeg    . . .      Spirit   .    b - +0 leather armour
rPois   .          Reflect  .    (helmet restricted)
rElec   .          Rampage  .    (no cloak)
rCorr   .                        (no gloves)
Will    .....                    (no boots)
Stlth   +                        (no amulet)
HPRegen 0.30/turn                l - ring of protection from cold
MPRegen 0.11/turn                r - +4 ring of slaying

@: studying Evocations
A: horns 2, icemail 1, sturdy frame 1, condensation shield, mutation resistance
1
a: no special abilities


You were on level 6 of the Dungeon.
You visited 1 branch of the dungeon, and saw 6 of its levels.

You collected 1063 gold pieces.

Inventory:

Hand Weapons
 a - a +0 trident (weapon)
Missiles
 d - 3 throwing nets (quivered)
 e - 7 javelins
Armour
 b - a +0 leather armour (worn)
 n - a +0 buckler
Jewellery
 l - a ring of protection from cold (left hand)
 r - a +4 ring of slaying (right hand)
Wands
 f - a wand of flame (36)
 q - a wand of acid (8)
Scrolls
 c - 2 scrolls of magic mapping
 i - a scroll of fear
 p - 2 scrolls of blinking
 s - a scroll of enchant armour {unknown}
Potions
 g - a potion of lignification
 h - a potion of invisibility
 j - a potion of flight
 k - a potion of ambrosia
 m - 4 potions of mutation
 o - a potion of attraction
 v - a potion of heal wounds {unknown}


   Skills:
 + Level 5.9 Fighting
 + Level 5.7 Polearms
 - Level 1.7 Throwing
 + Level 4.9 Armour
 + Level 5.8 Dodging
 + Level 2.3 Shields


You had 7 spell levels left.
You didn't know any spells.
Your spell library contained the following spells:

 Spells                   Type           Power      Damage    Failure   Level
 Foxfire                  Conj/Fire      0%         2x1d4     36%         1
 Sublimation of Blood     Necr           0%         N/A       52%         2
 Wereblood                Tmut           0%         N/A       52%         2
 Fireball                 Conj/Fire      0%         3d3       100%        5
 Starburst                Conj/Fire      0%         6d3       100%        6
 Summon Hydra             Summ           0%         N/A       100%        7


Dungeon Overview and Level Annotations

Branches:
Dungeon (6/15)             Temple (0/1) D:6

Altars:
Gozag
Makhleb
Qazlal
Trog

Shops:
D:3 =


Innate Abilities, Weirdness & Mutations

You have a pair of horns on your head.
A meltable icy envelope protects you from harm. (AC +0)
Your movements are slightly less encumbered by armour. (ER -2)
A meltable shield of frost defends you. (SH +0)
You are somewhat resistant to further mutation.


Message History

The steam dragon claws you but does no damage.
The orc struggles against the net.
Throw: 4 throwing nets
Press: ? - help, Q - select action, (/) - cycle Shift-Dir - straight line, f/p - steam dragon
Aim: a steam dragon (heavily wounded, 65% to hit)
You throw a throwing net. The throwing net hits the steam dragon.
The steam dragon is caught in the net!
The steam dragon is heavily wounded.
The orc struggles against the net.
The steam dragon struggles against the net.
You hit the steam dragon. You headbutt the steam dragon.
The steam dragon is severely wounded.
The steam dragon struggles against the net.
The orc struggles against the net.
You hit the steam dragon.
The steam dragon is severely wounded.
The orc struggles against the net.
The steam dragon struggles against the net.
You hit the steam dragon but do no damage.
The steam dragon is severely wounded.
The steam dragon struggles against the net.
The orc struggles against the net.
You hit the steam dragon but do no damage.
The steam dragon is severely wounded.
The orc struggles against the net.
The net rips apart, and the orc comes free!
The steam dragon struggles against the net.
The net rips apart, and the steam dragon comes free!
You hit the steam dragon but do no damage.
The steam dragon is severely wounded.
The steam dragon breathes steam at you. The ball of steam misses you.
You barely miss the steam dragon.
The steam dragon is severely wounded.
You are engulfed in a cloud of scalding steam.
* * * LOW HITPOINT WARNING * * *
The steam dragon bites you.
* * * LOW HITPOINT WARNING * * *
The steam dragon claws you.
You die...

#######......................[.#.
##.#######################. #.#
#. #.# #. #.# #. #.# ##. #.#
#########..
#.##############)........#
##......oD@§§.....######.##
#.......f########## #..#
#..#####§# ##.. #§# ## #.# ...
#D# #o# #.#


You could see a steam dragon (catching breath), a sleepcap and an orc.

Vanquished Creatures
  The ghost of DeathPants the Twirler, a novice VSGl (D:4)
  Grinder (D:5)
  A black bear (D:5)
  An ice beast (D:4)
  An ogre (D:4)
  A centaur (D:3)
  2 phantoms
  A gnoll sergeant (D:5)
  A bullfrog (D:6)
  4 scorpions
  4 hounds (D:5)
  2 jellies
  2 orc priests
  3 iguanas
  An orc wizard (D:5)
  11 gnolls
  8 adders
  A shadow imp (D:5)
  3 worms
  4 dart slugs
  17 orcs
  7 ball pythons
  3 endoplasms
  5 giant cockroaches
  2 goblins
  5 hobgoblins
  3 quokkas
  4 bats (D:3)
  2 frilled lizards (D:3)
  2 kobolds
  5 rats
108 creatures vanquished.

Notes
Turn   | Place    | Note
-------+----------+-------------------------------------------
     0 | D:1      | Demosthentine the Demonspawn Gladiator began the quest for
                  | the Orb.
     0 | D:1      | Reached XP level 1. HP: 16/16 MP: 1/1
   137 | D:1      | Gained mutation: You have a pair of small horns on your
                  | head. [demonic ancestry]
   137 | D:1      | Reached XP level 2. HP: 22/22 MP: 2/2
   546 | D:1      | Gained mutation: You are frail. (-10% HP) [potion of
                  | mutation]
   546 | D:1      | Gained mutation: You are vulnerable to heat. (rF-) [potion
                  | of mutation]
   547 | D:1      | Lost mutation: You are frail. (-10% HP) [potion of
                  | mutation]
   547 | D:1      | Lost mutation: You are vulnerable to heat. (rF-) [potion of
                  | mutation]
   547 | D:1      | Gained mutation: You have a pair of horns on your head.
                  | [potion of mutation]
   547 | D:1      | Gained mutation: You are somewhat resistant to further
                  | mutation. [potion of mutation]
   753 | D:2      | Found an opulent altar of Gozag.
   792 | D:2      | Reached skill level 1 in Armour
   828 | D:2      | Gained mutation: A meltable shield of frost defends you.
                  | (SH +0) [demonic ancestry]
   828 | D:2      | Reached XP level 3. HP: 28/28 MP: 3/3
   832 | D:2      | Found a faded altar of an unknown god.
  1109 | D:2      | HP: 1/25 [gnoll/+0 club (3)]
  1116 | D:2      | Mutation became permanent: You have a pair of small horns
                  | on your head. [demonic ancestry]
  1116 | D:2      | Gained mutation: You have a pair of horns on your head.
                  | [demonic ancestry]
  1116 | D:2      | Reached XP level 4. HP: 13/33 MP: 4/4
  1637 | D:3      | Reached XP level 5. HP: 14/41 MP: 5/5
  1754 | D:3      | Found Ejiosaid's Jewellery Shop.
  1775 | D:3      | Noticed a centaur
  1784 | D:3      | Killed a centaur
  2332 | D:3      | Reached XP level 6. HP: 14/47 MP: 6/6
  2582 | D:3      | Identified a scroll of acquirement
  2582 | D:3      | Acquired 834 gold pieces
  2945 | D:4      | Found a bloodstained altar of Trog.
  3200 | D:4      | Found a runed translucent door.
  3203 | D:4      | Noticed DeathPants's ghost (novice VSGl)
  3446 | D:4      | Found a stormy altar of Qazlal.
  3455 | D:4      | Found a burning altar of Makhleb.
  3552 | D:4      | Killed DeathPants's ghost
  3553 | D:4      | Gained mutation: A meltable icy envelope protects you from
                  | harm. (AC +0) [demonic ancestry]
  3553 | D:4      | Reached XP level 7. HP: 55/55 MP: 7/7
  3585 | D:5      | Entered Level 5 of the Dungeon
  3774 | D:4      | Reached skill level 5 in Dodging
  3774 | D:4      | Gained mutation: Your movements are slightly less
                  | encumbered by armour. (ER -2) [demonic ancestry]
  3774 | D:4      | Reached XP level 8. HP: 16/61 MP: 8/8
  4069 | D:5      | Reached skill level 5 in Fighting
  4069 | D:5      | Reached skill level 5 in Polearms
  4181 | D:5      | Noticed Grinder
  4189 | D:5      | Paralysed by Grinder for 4 turns
  4195 | D:5      | Killed Grinder
  4196 | D:5      | Reached skill level 1 in Shields
  5010 | D:6      | Found a staircase to the Ecumenical Temple.
  5061 | D:6      | Slain by a steam dragon

Illustrated notes

Levels and vault maps discovered:
D:1:      dpeg_arrival_long_road, layout_rooms, serial_corexii_hall,
          corexii_hall_statues_u, corexii_hall_statues_i
D:2:      layout_basic, ebering_ecumenical_altar_rust, basic_altar
D:3:      layout_rooms, serial_shops, shop_fountains, minmay_cupped
D:4:      layout_cave_pods, mainiacjoe_overflow_boulevard,
          amethyst_overflow_temple_binary, ebering_ghost_reflecting_pool,
          minmay_tree_intersection
D:5:      cheibrodos_helix_gallery, layout_basic, elyvilon_altar_5,
          minmay_manual_monstrance, uniq_grinder
D:6:      layout_loops_ring, led_xom_imps, minmay_temple_entry_statues,
          minmay_ruffians

Skill      XL: |  1  2  3  4  5  6  7  8 |
---------------+-------------------------+-----
Polearms       | 3 4 5 |  5.7
Dodging        | 3 4 5 |  5.8
Armour         | 1 2 3 4 |  4.9
Fighting       | 3 4 5 |  5.9
Shields        | 2 |  2.3
Throwing       | |  1.7

Action                     |  1- 3 |  4- 6 |  7- 9 || total
---------------------------+-------+-------+-------++-------
  Melee: Trident           |    77 |   136 |   205 ||   418
         Headbutt          |     5 |    20 |    31 ||    56
         Punch             |       |     1 |     2 ||     3
  Throw: Throwing net      |       |     5 |     2 ||     7
    Use: Potion            |     4 |     3 |     2 ||     9
         Scroll            |     2 |     9 |     3 ||    14
   Stab: Sleeping          |     1 |     1 |     2 ||     4
         Held in net/web   |       |     2 |       ||     2
 Armour: Leather armour    |     7 |    19 |    50 ||    76
  Dodge: Dodged            |    36 |    74 |   100 ||   210
  Block: Other             |     2 |    20 |    26 ||    48

Table legend: (Time is in decaauts)
 A = Elapsed time spent in this place.
 B = Non-inter-level travel time spent in this place.
 C = Inter-level travel time spent in this place.
 D = Time resting spent in this place.
 E = Time spent auto-exploring this place.
 F = Levels seen in this place.
 G = Mean time per level.
                   A        B        C        D        E       F      G
               +--------+--------+--------+--------+--------+-----+--------+
         Total |   5117 |   5001 |    116 |    768 |   3272 |   6 |  852.8 |
       Dungeon |   5117 |   5001 |    116 |    768 |   3272 |   6 |  852.8 |
               +--------+--------+--------+--------+--------+-----+--------+

Top non-repeatable levels by time:
     D:4: 1359 daAuts
     D:3: 1117 daAuts
     D:5: 928 daAuts
     D:1: 840 daAuts
     D:2: 720 daAuts
     D:6: 149 daAuts
